 Dungeon Crawl Stone Soup version 0.27.1-34-g3ba077fa99 (webtiles) character file.

Game seed: 13158120275014128620

189 Arum the Chiller (level 5, -3/35 HPs)
             Began as a Demonspawn Ice Elementalist on Jan 13, 2022.
             Slain by an ice beast (9 damage)
             ... on level 5 of the Dungeon.
             The game lasted 00:05:12 (1863 turns).

Arum the Chiller (Demonspawn Ice Elementalist)      Turns: 1863, Time: 00:05:12

Health: -3/35      AC: 12    Str:  8    XL:     5   Next: 40%
Magic:  1/10       EV: 12    Int: 18    God:
Gold:   88         SH:  0    Dex: 13    Spells: 7/11 levels left

rFire    . . .     SeeInvis .   (no weapon)
rCold    . . .     Faith    .   (no shield)
rNeg     . . .     Spirit   .   m - +2 robe {Archmagi}
rPois    .         Reflect  .   (no helmet)
rElec    .         Harm     .   (no cloak)
rCorr    .         Rampage  .   (no gloves)
Will     .....     Archmagi +   (no boots)
Stlth    ++........             (no amulet)
HPRegen  0.11/turn              (no ring)
MPRegen  0.12/turn              (no ring)

@: ice-armoured
A: spiny 2, sharp scales 1
a: no special abilities


You were on level 5 of the Dungeon.
You visited 1 branch of the dungeon, and saw 4 of its levels.

You collected 88 gold pieces.

Inventory:

Armour
 m - a +2 robe of the Archmagi (worn)
Scrolls
 b - a scroll of identify
 c - 2 scrolls of teleportation
Potions
 d - 2 potions of curing {unknown}
 e - 2 potions of ambrosia
 h - 2 potions of haste {unknown}
 k - a potion of heal wounds {unknown}
 l - a potion of might {unknown}


   Skills:
 - Level 1.7 Dodging
 - Level 1.7 Stealth
 * Level 3.9 Spellcasting
 + Level 2.3 Conjurations
 + Level 4.3 Ice Magic


You had 7 spell levels left.
You knew the following spells:

 Your Spells              Type           Power      Damage    Failure   Level
a - Freeze                Ice            100%       1d11      2%          1
b - Ozocubu's Armour      Ice            29%        N/A       8%          3

Your spell library contained the following spells:

 Spells                   Type           Power      Damage    Failure   Level
 Frozen Ramparts          Ice            58%        1d7       8%          3
 Hailstorm                Conj/Ice       23%        3d7       36%         4


Dungeon Overview and Level Annotations

Branches:
Dungeon (3/15)

Altars:

Annotations:
D:5 Pikel


Innate Abilities, Weirdness & Mutations

You are mostly covered in sharp spines.
You are partially covered in razor-sharp scales. (AC +1, Slay +1)


Message History

You kill the adder!
You have reached level 5!
You closely miss the scorpion. The scorpion is struck by your spines.
The scorpion closely misses you.
You hit the scorpion but do no damage.
The scorpion is moderately wounded.
The scorpion stings you but does no damage.
Sorry, you're not good enough to have a special ability.
You hit the scorpion but do no damage.
The scorpion is moderately wounded.
The scorpion stings you but does no damage.
Casting: Freeze (safe; 2% risk of failure)
Confirm with . or Enter, or press ? or * to list all spells.
Aiming: Freeze (safe; 2% risk of failure)
Press: ? - help, Shift-Dir - straight line, f - scorpion
Aim: a scorpion (moderately wounded)
You feel a surge of power!
You freeze the scorpion.
The scorpion is severely wounded.
The scorpion is struck by your spines.
You kill the scorpion!
You hit the ice beast but do no damage.
The ice beast hits you but does no damage.
You hit the ice beast.
The ice beast is lightly wounded.
The ice beast hits you but does no damage.
You hit the ice beast but do no damage.
The ice beast is lightly wounded.
The ice beast hits you but does no damage.
You closely miss the ice beast.
The ice beast is lightly wounded.
The ice beast hits you but does no damage.
Unknown command.
You hit the ice beast but do no damage.
The ice beast is lightly wounded.
The ice beast hits you. The ice beast freezes you!
* * * LOW HITPOINT WARNING * * *
You hit the ice beast but do no damage. The ice beast hits you.
* * * LOW HITPOINT WARNING * * *
The ice beast freezes you!
You die...

#######
######.....#
###......###.#
##......### #.#
#.....### #.#
#####...### #..#
#.....@## #..##
....###Y# ##..#
... #Z# ##..#
... ##..# # ..#
##..## .#
...###...##..##
...##.........#
....#.........##
.......†...##


You could see an ice beast and a water moccasin skeleton.

Vanquished Creatures
  A scorpion (D:5)
  A hound (D:5)
  Jessica (D:2)
  4 adders
  A worm (D:2)
  3 dart slugs
  2 endoplasms
  2 giant cockroaches (D:2)
  2 goblins
  2 hobgoblins
  5 kobolds
  3 quokkas
  3 ball pythons
  4 bats
  4 frilled lizards (D:1)
  A rat (D:3)
39 creatures vanquished.

Vanquished Creatures (others)
  9 plants (D:2)
  11 withered plants (D:2)
20 creatures vanquished.

Grand Total: 59 creatures vanquished

Notes
Turn   | Place    | Note
-------+----------+-------------------------------------------
     0 | D:1      | Arum the Demonspawn Ice Elementalist began the quest for
                  | the Orb.
     0 | D:1      | Reached XP level 1. HP: 13/13 MP: 3/3
   276 | D:1      | Gained mutation: You are partially covered in razor-sharp
                  | scales. (AC +1, Slay +1) [demonic ancestry]
   276 | D:1      | Reached XP level 2. HP: 14/19 MP: 1/5
   835 | D:2      | Found a faded altar of an unknown god.
   936 | D:2      | Reached skill level 1 in Conjurations
   936 | D:2      | Gained mutation: You are partially covered in sharp spines.
                  | [demonic ancestry]
   936 | D:2      | Reached XP level 3. HP: 24/24 MP: 2/7
  1272 | D:2      | Learned a level 3 spell: Ozocubu's Armour
  1415 | D:2      | Noticed Jessica
  1419 | D:2      | Reached skill level 4 in Ice Magic
  1422 | D:2      | Killed Jessica
  1423 | D:2      | Gained mutation: You are mostly covered in sharp spines.
                  | [demonic ancestry]
  1423 | D:2      | Reached XP level 4. HP: 15/30 MP: 2/8
  1737 | D:3      | You fall into a shaft and drop 2 floors!
  1737 | D:5      | Entered Level 5 of the Dungeon
  1737 | D:5      | Noticed Pikel
  1737 | D:5      | Noticed a lemure
  1737 | D:5      | Noticed a lemure
  1737 | D:5      | Noticed a lemure
  1737 | D:5      | Noticed a lemure
  1847 | D:5      | Noticed a scorpion
  1850 | D:5      | Noticed an ice beast
  1854 | D:5      | Reached XP level 5. HP: 23/35 MP: 0/10
  1863 | D:5      | Slain by an ice beast

Illustrated notes

Levels and vault maps discovered:
D:1:      sevenhm_arrival_forest_fort_small_3, layout_rooms
D:2:      layout_basic, shapermc_ecumenical_altar_flowoftime, chequers_jeans,
          kennysheep_jessica_study, uniq_jessica
D:3:      layout_rooms
D:5:      layout_cave_pools, minmay_temple_entry_trees,
          nicolae_ossuary_entry_false_entrances, serial_column_ruins,
          column_ruins_temple_hall, column_ruins_hut_ruined,
          column_ruins_open_small, column_ruins_corridor_corner,
          column_ruins_open_large, column_ruins_grid_1, column_ruins_open_tiny,
          column_ruins_open_medium, minmay_manual_mandibuliform, uniq_pikel

Skill      XL: |  1  2  3  4 |
---------------+-------------+-----
Conjurations   | 1 2 |  2.3
Spellcasting   | 3 |  3.9
Ice Magic      | 4 |  4.3
Dodging        | |  1.7
Stealth        | |  1.7

Action                   |  1- 3 |  4- 6 || total
-------------------------+-------+-------++-------
Melee: Unarmed           |    30 |    12 ||    42
 Cast: Freeze            |    49 |    14 ||    63
       Ozocubu's Armour  |       |     2 ||     2
  Use: Scroll            |       |     6 ||     6
Armor: Robe              |    12 |    10 ||    22
Dodge: Dodged            |    21 |     7 ||    28
